 Dungeon Crawl Stone Soup version 0.26.0-16-gc1dbca0489 (webtiles) character file.

Game seed: 17753219339404235488

72401124 iamserjio the Gnoll Aeon (level 27, 289/289 HPs)
             Began as a Gnoll Venom Mage on Jan 15, 2021.
             Was the Champion of Cheibriados.
             Escaped with the Orb
             ... and 15 runes on Jan 17, 2021!
             The game lasted 07:37:56 (19796 turns).

iamserjio the Gnoll Aeon (Gnoll Venom Mage)        Turns: 19796, Time: 07:37:56

Health: 289/289    AC: 37    Str: 26    XL:     27
Magic:  36/42      EV: 38    Int: 44    God:    Cheibriados [******]
Gold:   4293       SH: 23    Dex: 43    Spells: 2/66 levels left

rFire    + + .     SeeInvis +   p - +4 sacred scourge (holy) {PICK VAMP !^#&@*$*}
rCold    + + .     Faith    .   f - +0 kite shield of the Hidden Vale {rC+ Dex+7}
rNeg     + . .     Spirit   .   (armour currently unavailable)
rPois    ∞         Reflect  .   R - +3 crown of Dyrovepreva {rElec Int+2 SInv}
rElec    +         Harm     .   s - scarf {rC+ rF+}
rCorr    .         Rampage  .   (gloves currently unavailable)
Will     ++...                  (boots currently unavailable)
Stlth    ++++++....             y - amulet of regeneration
HPRegen  0.98/turn              a - ring of Shadows {Umbra +Inv Stlth+}
MPRegen  0.28/turn              g - ring of protection from fire

@: statue-form, wreathed by umbra, very slow
A: distributed training, fangs 1, hooves 2, large bone plates 1, thin skeletal
structure 1, deformed body, deterioration 1, low mp 1, screaming 1, strong nose
0: Orb of Zot
}: 15/15 runes: barnacled, slimy, silver, golden, iron, obsidian, icy, bone,
abyssal, demonic, glowing, magical, fiery, dark, gossamer
a: End Transformation, Renounce Religion, Evoke Invisibility, Bend Time,
Temporal Distortion, Slouch, Step From Time


You escaped.
You worshipped Cheibriados.
Cheibriados was exalted by your worship.
You were a stone statue.
You visited 18 branches of the dungeon, and saw 88 of its levels.
You visited Pandemonium 3 times, and saw 12 of its levels.
You visited the Abyss 1 time.
You visited 1 bazaar.
You also visited: Trove, Gauntlet, Ice Cave and Volcano.

You collected 7073 gold pieces.
You spent 2780 gold pieces at shops.

Inventory:

Hand Weapons
 j - a +1 dagger of draining
 k - a +9 vampiric war axe
 p - a +4 sacred scourge of holy wrath (weapon) {PICK VAMP !^#&@*$*}
 A - a +5 vorpal broad axe
 S - a +2 antimagic broad axe
 V - a +7 demon trident of flaming
Missiles
 m - 2 curare-tipped darts
 Y - 9 silver javelins (quivered) {PICK VAMP(^##$}
Armour
 f - the +0 kite shield of the Hidden Vale (worn) {rC+ Dex+7}
   (You acquired it on level 4 of the Lair of Beasts)

   It affects your dexterity (+7).
   It protects you from cold.
 h - the +0 pair of boots of the Snake Pit (melded) {Int+4}
   (You bought it in a shop on level 2 of the Vaults)

   It affects your intelligence (+4).
 s - a scarf of resistance (worn)
 D - a +4 troll leather armour (melded) {Snorg}
 N - a +2 cloak of willpower
 Q - a +2 cloak of fire resistance
 R - the +3 crown of Dyrovepreva (worn) {rElec Int+2 SInv}
   (You found it on level 1 of the Spider Nest)

   It affects your intelligence (+2).
   It insulates you from electricity.
   It lets you see invisible.
Jewellery
 a - the ring of Shadows (left hand) {Umbra +Inv Stlth+}
   (You found it on level 12 of the Dungeon)

   [ring of stealth]

   It lets you turn invisible.
   It makes you more stealthy.
 c - an uncursed ring of resist corrosion
 g - a ring of protection from fire (right hand)
 o - the ring "Vigaa" {+Blink rC++ Str+4 Dex-2 Stlth-}
   (You found it on level 5 of the Pits of Slime)

   [ring of attention]

   It affects your strength (+4).
   It affects your dexterity (-2).
   It greatly protects you from cold.
   It lets you blink.
   It makes you less stealthy.
 v - an uncursed ring of protection from fire
 y - an amulet of regeneration (around neck)
 F - the ring "Ewuvvieng" {rPois rC+ rN+ Str-2 Dex+5}
   (You took it off a vault warden on level 5 of the Vaults)

   [ring of poison resistance]

   It affects your strength (-2).
   It affects your dexterity (+5).
   It protects you from cold.
   It protects you from poison.
   It protects you from negative energy.
 L - an uncursed amulet of magic regeneration
 U - the ring "Noingexarch" {Wiz rC+ Int+2}
   (You found it in a treasure trove)

   [ring of wizardry]

   It improves your spell success rate.
   It affects your intelligence (+2).
   It protects you from cold.
 X - the ring of Contention {Str+4 SInv}
   (You found it in a treasure trove)

   [ring of see invisible]

   It affects your strength (+4).
   It lets you see invisible.
Wands
 u - a wand of acid (16)
 x - a wand of paralysis (38)
 B - a wand of iceblast (45)
 C - a wand of digging (27)
 E - a wand of enslavement (33)
Scrolls
 e - 2 scrolls of fog
 n - a scroll of teleportation {@r3}
 H - 2 scrolls of summoning
 I - 3 scrolls of fear
 J - 3 scrolls of amnesia
 W - 2 scrolls of blinking
 Z - a scroll of holy word
Potions
 b - 2 potions of might
 d - 11 potions of curing {@q1}
 i - 4 potions of heal wounds
 l - 2 potions of magic
 r - a potion of lignification
 z - 3 potions of mutation
 G - a potion of flight
 M - 5 potions of resistance
 P - a potion of attraction
Miscellaneous
 q - a figurine of a ziggurat
 t - a tin of tremorstones (2/2)
 w - a box of beasts
 K - a condenser vane
 O - a phantom mirror


   Skills:
 + Level 19.7 Fighting
 + Level 19.7 Short Blades
 + Level 19.7 Long Blades
 + Level 19.7 Axes
 + Level 19.7 Maces & Flails
 + Level 19.7 Polearms
 + Level 19.7 Staves
 + Level 19.7 Slings
 + Level 19.7 Bows
 + Level 19.7 Crossbows
 + Level 19.7 Throwing
 + Level 19.7 Armour
 + Level 20.1 Dodging
 + Level 20.0 Stealth
 + Level 19.7 Shields
 + Level 19.7 Unarmed Combat
 + Level 20.1 Spellcasting
 + Level 17.1 Conjurations
 + Level 17.1 Hexes
 + Level 17.1 Summonings
 + Level 17.1 Necromancy
 + Level 17.1 Translocations
 + Level 17.2 Transmutations
 + Level 17.1 Fire Magic
 + Level 17.1 Ice Magic
 + Level 17.1 Air Magic
 + Level 17.1 Earth Magic
 + Level 17.7 Poison Magic
 + Level 21.2 Invocations
 + Level 19.7 Evocations


You had 2 spell levels left.
You knew the following spells:

 Your Spells              Type           Power        Failure   Level
a - Statue Form           Tmut/Erth      76%          1%          6
b - Passwall              Tmut/Erth      95%          0%          2
c - Passage of Golubria   Tloc           N/A          0%          4
d - Borgnjor's Vile Clut  Necr/Erth      57%          0%          5
e - Sublimation of Blood  Necr           57%          0%          2
f - Apportation           Tloc           100%         0%          1
g - Blink                 Tloc           N/A          0%          2
h - Invisibility          Hex            100%         1%          6
i - Spellforged Servitor  Conj/Summ      57%          1%          7
j - Irradiate             Conj/Tmut      57%          0%          5
k - Iron Shot             Conj/Erth      57%          1%          6
l - Borgnjor's Revivific  Necr           57%          2%          8
m - Summon Forest         Summ/Tloc      57%          0%          5
n - Silence               Hex/Air        57%          0%          5

Your spell library contained the following spells:

 Spells                   Type           Power        Failure   Level
 Animate Skeleton         Necr           100%         0%          1
 Beastly Appendage        Tmut           100%         0%          1
 Corona                   Hex            100%         0%          1
 Foxfire                  Conj/Fire      100%         0%          1
 Freeze                   Ice            100%         0%          1
 Magic Dart               Conj           100%         0%          1
 Pain                     Necr           100%         0%          1
 Sandblast                Erth           100%         0%          1
 Sting                    Tmut/Pois      100%         0%          1
 Summon Small Mammal      Summ           100%         0%          1
 Call Imp                 Summ           100%         0%          2
 Corpse Rot               Necr/Air       N/A          0%          2
 Ensorcelled Hibernation  Hex/Ice        100%         0%          2
 Poisonous Vapours        Pois/Air       100%         0%          2
 Slow                     Hex            100%         0%          2
 Swiftness                Air            100%         0%          2
 Wereblood                Tmut           100%         0%          2
 Confusing Touch          Hex            100%         0%          3
 Conjure Flame            Conj/Fire      100%         0%          3
 Dazzling Flash           Conj/Hex       100%         0%          3
 Frozen Ramparts          Ice            100%         0%          3
 Ignite Poison            Fire/Tmut/Pois 100%         0%          3
 Inner Flame              Hex/Fire       100%         0%          3
 Mephitic Cloud           Conj/Pois/Air  100%         0%          3
 Ozocubu's Armour         Ice            100%         0%          3
 Portal Projectile        Hex/Tloc       100%         0%          3
 Stone Arrow              Conj/Erth      100%         0%          3
 Tukima's Dance           Hex            100%         0%          3
 Vampiric Draining        Necr           57%          0%          3
 Cause Fear               Hex            57%          0%          4
 Dispel Undead            Necr           100%         0%          4
 Fulminant Prism          Conj/Hex       57%          0%          4
 Hailstorm                Conj/Ice       100%         0%          4
 Ice Form                 Ice/Tmut       100%         0%          4
 Leda's Liquefaction      Hex/Erth       57%          0%          4
 Olgreb's Toxic Radiance  Pois           100%         0%          4
 Petrify                  Tmut/Erth      100%         0%          4
 Sticky Flame             Conj/Fire      100%         0%          4
 Summon Ice Beast         Ice/Summ       100%         0%          4
 Agony                    Necr           100%         0%          5
 Alistair's Intoxication  Tmut/Pois      76%          0%          5
 Blade Hands              Tmut           57%          0%          5
 Bolt of Magma            Conj/Fire/Erth 57%          0%          5
 Excruciating Wounds      Necr           57%          0%          5
 Fireball                 Conj/Fire      57%          0%          5
 Iskenderun's Battlesphe  Conj           100%         0%          5
 Lee's Rapid Deconstruct  Erth           57%          0%          5
 Metabolic Englaciation   Hex/Ice        57%          0%          5
 Summon Demon             Summ           57%          0%          5
 Summon Mana Viper        Hex/Summ       100%         0%          5
 Yara's Violent Unravell  Hex/Tmut       57%          0%          5
 Death Channel            Necr           57%          1%          6
 Eringya's Noxious Bog    Tmut/Pois      57%          1%          6
 Freezing Cloud           Conj/Ice/Air   57%          1%          6
 Hydra Form               Tmut           57%          1%          6
 Ozocubu's Refrigeration  Ice            57%          1%          6
 Shadow Creatures         Summ           N/A          1%          6
 Simulacrum               Ice/Necr       57%          1%          6
 Starburst                Conj/Fire      57%          1%          6
 Dragon Form              Tmut           57%          1%          7
 Haunt                    Necr/Summ      57%          1%          7
 Orb of Destruction       Conj           57%          1%          7
 Summon Hydra             Summ           57%          1%          7
 Chain Lightning          Conj/Air       57%          2%          8
 Discord                  Hex            57%          2%          8
 Ignition                 Fire           57%          2%          8
 Infestation              Necr           57%          2%          8
 Lehudib's Crystal Spear  Conj/Erth      57%          2%          8
 Necromutation            Tmut/Necr      57%          2%          8
 Absolute Zero            Ice            57%          41%         9
 Death's Door             Necr           57%          41%         9
 Fire Storm               Conj/Fire      57%          41%         9


Dungeon Overview and Level Annotations

Branches:
Dungeon (15/15)            Temple (1/1) D:5            Lair (6/6) D:9
 Shoals (4/4) Lair:4       Spider (4/4) Lair:4        Slime (5/5) Lair:6
    Orc (2/2) D:9             Elf (1/3) Orc:2        Vaults (5/5) D:13
  Crypt (3/3) Vaults:2       Tomb (3/3) Crypt:3      Depths (5/5) D:15
   Hell (visited)             Dis (7/7) Hell            Geh (7/7) Hell
    Coc (7/7) Hell            Tar (7/7) Hell            Zot (5/5) Depths:5
  IceCv (visited)         Volcano (visited)         Gauntlet (visited)

Altars:
Ashenzari
Cheibriados
Dithmenos
Elyvilon
Fedhas
Gozag
Hepliaklqana
Kikubaaqudgha
Makhleb
Nemelex Xobeh
Okawaru
Qazlal
Ru
Sif Muna
Trog
Uskayaw
Vehumet
Wu Jian
Yredelemnul
Zin
The Shining One
Beogh
Jiyva
Lugonu

Shops:
D:14 ?*   Orc:2 =:?[   Vaults:2 [   Vaults:3 [   Vaults:5 *

Portals:
Hell: Depths:3
Abyss: Spider:4 Depths:4
Pandemonium: Depths:1 Depths:4

Annotations:
D:12 2 exclusions
Lair:6 1 exclusion
Shoals:3 1 exclusion
Shoals:4 1 runed translucent door, Gnirx's ghost, adept MiBe
Spider:2 Arachne, Kirke
Tomb:3 3 exclusions
Depths:4 1 exclusion
Depths:5 1 exclusion
Dis:7 Serpent of
Hell
Geh:7 Asmodeus
Coc:7 exclusion: ice statue, Antaeus
Tar:7 2 exclusions
Zot:5 exclusion: obsidian statue


Innate Abilities, Weirdness & Mutations

Your experience applies equally to all skills.
You have very sharp teeth.
Your uncanny sense of smell can sniff out nearby items.
You have hoof-like feet.
You are partially covered in large bone plates. (SH +4)
((You are partially covered in molten scales. (AC +2)))
You have a somewhat thin skeletal structure. (Dex +2, Stealth)
Armour fits poorly on your strangely shaped body.
Your body sometimes deteriorates upon taking damage.
Your magical capacity is low. (-10% MP)
You occasionally shout uncontrollably at your foes.


Message History

You block the kobold's attack.
Casting: Apportation (safe; 0% risk of failure)
You turn into a living statue of rough stone.
The +0 pair of boots of the Snake Pit {Int+4} melds into your body.
Your +4 troll leather armour {Snorg} melds into your body.
The hobgoblin shouts!
You block the kobold's attack. The goblin completely misses you.
Your surroundings suddenly seem different.
Casting: Statue Form (safe; 1% risk of failure)
Aiming: Passage of Golubria (safe; 0% risk of failure)
The Orb disrupts the stability of your passage!
You enter the passage of Golubria.
There is a passage of Golubria here.
Casting: Passage of Golubria (safe; 0% risk of failure)
Aiming: Passage of Golubria (safe; 0% risk of failure)
The Orb disrupts the stability of your passage!
You enter the passage of Golubria.
Your passage of Golubria closes with a snap!
There is a staircase leading out of the dungeon here.
You have escaped!

.....⌠.......⌠....
..................
#..⌠..^⌠...⌠...⌠..
##...............#
##.⌠....⌠....⌠.#
##...........#
##..⌠...⌠..#
##(......##
##..8..## ##.>.##
##### ∆


There were no monsters in sight!

Vanquished Creatures
  Cerebov (Pan)
  the Royal Jelly (Slime:5)
  Dissolution (Slime:2)
  Ereshkigal (Tar:7)
  Mnoleg (Pan)
  Dispater (Dis:7)
  5 ancient liches
  2 orbs of fire (Zot:5)
  Sojobo (Crypt:3)
  14 royal mummies
  The ghost of Bailed the Peltast, a veteran MiMo of Qazlal (Vaults:2)
  5 shard shrikes
  Margery (Crypt:3)
  4 Killer Klowns (Zot:5)
  Geryon (Hell)
  2 curse toes (Zot:5)
  4 golden dragons
  Jory (Vaults:5)
  3 bone dragons
  An electric golem (Zot:5)
  2 doom hounds (Tar:1)
  3 iron giants
  4 Hell Sentinels (Dis:7)
  A hellephant (Hell)
  8 Ice Fiends
  10 Tzitzimimeh
  8 Brimstone Fiends
  6 tentacled monstrosities
  Rupert (D:13)
  Jorgrun (Shoals:1)
  15 Orb Guardians
  6 titans
  4 liches
  4 death cobs
  5 quicksilver dragons
  10 acid blobs
  11 ancient champions
  6 Executioners
  7 sphinxes
  4 tengu reavers
  A shadow dragon (shapeshifter) (D:14)
  A draconian monk (Zot:5)
  10 shadow dragons
  12 azure jellies
  A daeva (Pan)
  4 frost giants
  5 storm dragons
  6 revenants
  14 vault wardens
  4 fire giants
  2 iron dragons (Dis:7)
  11 cacodemons
  A deep elf sorcerer (Vaults:5)
  A fenstrider witch (shapeshifter) (D:15)
  3 orc warlords
  Aizul (Shoals:1)
  5 ghost moths
  A draconian scorcher (Depths:5)
  4 corrupters (Pan)
  6 emperor scorpions (Spider:4)
  22 balrugs
  32 reapers
  4 angels (Pan)
  A deep elf elementalist (Vaults:5)
  2 warmongers (Pan)
  3 blood saints (Pan)
  7 very ugly things
  9 ironheart preservers
  16 stone giants
  15 war gargoyles
  3 elemental wellsprings (Coc:7)
  An ophan (Pan)
  6 vampire knights
  An apis (Pan)
  Nessos (D:13)
  An entropy weaver (Vaults:5)
  3 deep elf annihilators
  A green draconian (Zot:5)
  A black draconian (Zot:5)
  6 bennus
  A yellow draconian (Zot:5)
  A minotaur (Gauntlet)
  2 red draconians
  12 large abominations
  4 eidola
  2 merfolk javelineers (Shoals:4)
  Snorg (Lair:4)
  25 blizzard demons
  A crystal guardian (Crypt:3)
  A deep elf death mage (Vaults:2)
  13 ettins
  3 green deaths
  5 merfolk impalers
  8 yaktaur captains
  11 death oozes (Slime:5)
  3 deep elf high priests
  A quicksilver dragon zombie (Dis:7)
  3 fire dragons
  5 great orbs of eyes
  17 mummy priests
  Josephine (D:10)
  2 kraken zombies
  2 rakshasas
  2 monstrous demonspawn (Pan)
  18 ice dragons
  6 jiangshi
  A quicksilver dragon skeleton (Tar:1)
  A juggernaut simulacrum (Pan)
  7 hydras
  28 vault guards
  A ghost crab (Gauntlet)
  2 death knights
  A boulder beetle (D:14)
  3 centaur warriors
  4 catoblepae (Lair:6)
  2 spriggan air magi (Depths:2)
  A satyr (shapeshifter) (Vaults:5)
  A merfolk avatar (Shoals:4)
  9 ogre magi
  2 alligator snapping turtles
  3 satyrs
  27 two-headed ogres
  5 merfolk aquamancers
  11 death yaks
  4 tengu warriors
  15 death scarabs
  A queen ant (shapeshifter) (Vaults:5)
  6 dancing weapons
  8 deep troll shamans
  5 deep troll earth magi
  4 vampire magi
  18 hell hogs
  3 thrashing horrors (Abyss:5)
  A titan zombie (Tar:1)
  3 shock serpents (Pan)
  Urug (D:13)
  3 storm dragon zombies
  36 hell knights
  A wretched star (Abyss:5)
  An iron golem (Depths:3)
  4 orc high priests (Orc:2)
  2 deep elf knights
  5 soul eaters
  25 sun demons
  76 skeletal warriors
  10 anaconda zombies
  3 titan skeletons
  2 golden dragon zombies
  11 flayed ghosts
  An iron troll (shapeshifter) (Vaults:5)
  2 ghost moth zombies
  8 sixfirhies (Pan)
  2 iron trolls
  8 shadow wraiths
  4 storm dragon skeletons
  An entropy weaver zombie (Crypt:1)
  8 shadow demons
  2 deep elf archers (Vaults:5)
  10 sea snakes
  23 deep trolls
  A starcursed mass (Abyss:5)
  4 shadow dragon zombies
  2 gelid demonspawn (Pan)
  3 infernal demonspawn (Pan)
  A torturous demonspawn (Pan)
  8 ironbrand convokers
  4 unseen horrors (Tar:7)
  4 wizards
  An anaconda skeleton (Tar:1)
  A kraken simulacrum (Coc:7)
  A lindwurm (shapeshifter) (Vaults:5)
  A bog body (Coc:7)
  3 golden dragon skeletons
  15 phantasmal warriors
  Pikel (D:5)
  18 necromancers
  7 harpies
  11 orc knights
  A shining eye (shapeshifter) (Vaults:5)
  7 deep elf magi
  An iron dragon zombie (Coc:7)
  3 fire giant zombies
  A mana viper (shapeshifter) (Depths:1)
  4 shadow dragon skeletons
  6 orc sorcerers
  11 moths of wrath
  20 wolf spiders
  7 stone giant zombies
  3 shining eyes (Pan)
  4 frost giant zombies
  44 ugly things
  8 fauns
  12 orb spiders
  7 cyclopes
  11 manticores
  4 elephants (Lair:6)
  A shock serpent zombie (Dis:5)
  12 merfolk sirens
  3 fire giant skeletons
  12 vault sentinels
  Joseph (D:7)
  2 frost giant skeletons
  4 water nymphs
  17 rust devils
  2 stone giant skeletons
  3 black mambas
  A titan simulacrum (Coc:7)
  12 orange demons (Pan)
  6 ice statues
  A shock serpent skeleton (Tar:5)
  15 smoke demons
  An eye of devastation (Slime:3)
  4 gargoyles
  7 molten gargoyles
  16 hellions
  2 dire elephant skeletons
  4 komodo dragons
  4 efreet
  5 demonic crawlers
  An emperor scorpion zombie (Hell)
  16 tormentors
  21 ice devils
  50 yaktaurs
  3 rime drakes
  12 freezing wraiths
  3 hellwings (Pan)
  A golden dragon simulacrum (Hell)
  29 guardian mummies
  2 tengu conjurers (Depths:3)
  7 wind drakes
  8 red devils
  22 jumping spiders
  A silent spectre (Abyss:5)
  A yellow draconian skeleton (Geh:7)
  A queen bee (Lair:2)
  13 merfolk
  3 meliai (D:12)
  A queen bee (shapeshifter) (Vaults:5)
  7 hydra zombies
  2 hornets
  5 trolls
  10 polar bears (IceCv)
  Grinder (D:3)
  A harpy skeleton (Crypt:1)
  43 slime creatures
  An iron dragon simulacrum (Crypt:1)
  3 blink frogs (Lair:6)
  4 fire dragon zombies
  3 hydra skeletons
  7 raiju (Abyss:5)
  A dream sheep (shapeshifter) (Vaults:2)
  6 snapping turtles
  An alligator zombie (Dis:7)
  3 dream sheep (Shoals:4)
  A guardian serpent zombie (Crypt:1)
  An ettin zombie (Crypt:3)
  2 ice dragon zombies
  44 redbacks
  2 black mamba zombies
  51 flying skulls
  A fire dragon skeleton (Geh:4)
  2 human simulacra (Vaults:2)
  3 ettin skeletons
  77 yaks
  4 ynoxinuls
  An alligator skeleton (Crypt:1)
  7 shadows
  A vampire (D:14)
  23 tarantellas
  3 basilisks
  A black mamba skeleton (Crypt:1)
  15 water elementals
  16 fire elementals
  A nameless horror (Crypt:3)
  32 ushabtiu
  9 wraiths
  Eustachio (D:5)
  A yak (shapeshifter) (Vaults:3)
  2 wyverns
  9 golden eyes
  A hog (D:9)
  17 humans
  2 chaos spawn (Pan)
  7 neqoxecs (Pan)
  A catoblepas simulacrum (Coc:7)
  An emperor scorpion simulacrum (Tar:5)
  2 steam dragons
  A merfolk zombie (Crypt:3)
  2 hydra simulacra (Hell)
  4 cane toad zombies
  36 hell hounds
  4 water moccasins
  4 wargs
  An acid dragon (Vaults:2)
  A floating eye (Abyss:5)
  A cane toad skeleton (Coc:3)
  An eye of draining (shapeshifter) (Depths:3)
  A fire dragon simulacrum (Crypt:1)
  3 ice beasts
  A floating eye (shapeshifter) (Vaults:5)
  38 orc warriors
  10 necrophages
  An alligator simulacrum (Coc:3)
  5 black bears (D:9)
  3 phantoms
  An ice beast (shapeshifter) (Vaults:3)
  2 sky beasts
  A manticore zombie (Dis:5)
  A manticore skeleton (Tar:1)
  5 boggarts
  4 eyes of draining
  18 ogres
  13 wolves
  3 snapping turtle skeletons
  A snapping turtle zombie (Tomb:3)
  3 lemures (D:5)
  14 centaurs
  A swamp dragon skeleton (Crypt:1)
  5 big kobolds
  A wyvern zombie (D:11)
  14 bullfrogs
  A gnoll sergeant (D:11)
  4 scorpions
  23 killer bees (Lair:2)
  An elf simulacrum (Vaults:3)
  A swamp dragon simulacrum (Crypt:1)
  21 wights
  A spriggan skeleton (Geh:7)
  8 electric eels
  A troll skeleton (Geh:3)
  2 howler monkeys
  3 centaur zombies
  12 crimson imps
  A quasit (Depths:1)
  6 hounds
  4 jellies
  12 orc priests
  A centaur skeleton (Geh:2)
  4 gnoll shamans
  3 iron imps
  3 hell rats (Hell)
  3 iguanas
  15 orc wizards
  9 worker ants
  An ogre zombie (Crypt:3)
  A tengu zombie (Dis:7)
  A tengu skeleton (Geh:2)
  25 mummies
  7 gnolls
  9 adders
  10 shadow imps
  11 white imps
  2 ufetubi
  5 oozes
  2 adder zombies
  2 dart slugs
  4 leopard geckos
  48 orcs
  A ball python (D:4)
  2 bats (D:3)
  3 giant cockroaches
  A goblin (D:3)
  A hobgoblin (D:3)
  A jackal (shapeshifter) (Vaults:5)
  11 jackals
  5 quokkas
  2 frilled lizards
  13 kobolds
  A leopard gecko zombie (D:6)
  An orc zombie (Dis:7)
  A rat (D:3)
  A bush (Lair:4)
  A crawling corpse (Vaults:5)
  A lurking horror (Spider:4)
  3 tentacles
2500 creatures vanquished.

Vanquished Creatures (collateral kills)
  An orb of fire (Zot:5)
  A Killer Klown (Zot:5)
  Xtahua (Crypt:3)
  A golden dragon (Zot:5)
  A bone dragon (Dis:5)
  A pandemonium lord (Pan)
  An iron giant (Dis:5)
  A Hell Sentinel (Dis:7)
  2 Ice Fiends
  8 Orb Guardians (Zot:5)
  2 titans (Pan)
  4 acid blobs
  A quicksilver dragon (Zot:2)
  An Executioner (Pan)
  2 ancient champions (Dis:7)
  The ghost of Ubraesch the Brawler, an adept TrMo of Nemelex Xobeh (Depths:3)
  A tengu reaver (Depths:3)
  A storm dragon (Pan)
  2 sphinxes (Tomb:1)
  2 azure jellies
  A revenant (Tomb:1)
  A fire giant (Depths:1)
  5 blood saints (Pan)
  7 balrugs
  4 cacodemons (Pan)
  A draconian annihilator (Pan)
  5 reapers
  An ophan (Pan)
  2 war gargoyles
  3 very ugly things
  2 bennus
  A corrupter (Pan)
  A red draconian (Zot:5)
  A deep elf annihilator (Pan)
  2 purple draconians (Zot:5)
  A blizzard demon (Pan)
  A mummy priest (Tomb:1)
  A crystal guardian (Crypt:3)
  A merfolk impaler (Shoals:1)
  An eidolon (Vaults:2)
  A jiangshi (Tar:1)
  A green death (Pan)
  4 great orbs of eyes
  An ice dragon (Coc:7)
  A rakshasa (D:15)
  A boulder beetle (D:15)
  A juggernaut simulacrum (Pan)
  2 centaur warriors (Depths:1)
  A quicksilver dragon skeleton (Geh:7)
  A two-headed ogre (D:15)
  A hell hog (Geh:7)
  A tengu warrior (Depths:1)
  2 death scarabs (Tomb:2)
  4 dancing weapons
  A thrashing horror (Abyss:5)
  An iron golem (Hell)
  A spriggan berserker (Depths:5)
  3 storm dragon zombies
  A soul eater (Crypt:1)
  2 titan skeletons
  10 sun demons
  7 sixfirhies (Pan)
  15 hell knights
  18 skeletal warriors
  A wizard (Pan)
  A glowing orange brain (Slime:5)
  A storm dragon skeleton (Tar:7)
  A shadow wraith (Tar:7)
  An infernal demonspawn (Pan)
  A ghost moth zombie (Crypt:3)
  2 shadow demons (Pan)
  A starcursed mass (Abyss:5)
  A sea snake (Shoals:3)
  2 flayed ghosts
  A shadow dragon zombie (Tar:1)
  3 necromancers
  2 wolf spiders
  A phantasmal warrior (Tar:1)
  A shadow dragon skeleton (Geh:7)
  A wolf spider zombie (Dis:5)
  14 ugly things
  2 orb spiders (Spider:4)
  2 shining eyes (Slime:5)
  2 manticores (Shoals:3)
  2 frost giant zombies
  A moth of wrath (Zot:5)
  2 iron dragon skeletons
  2 stone giant zombies (Crypt:1)
  A stone giant skeleton (Coc:3)
  A merfolk siren (Shoals:3)
  A frost giant skeleton (Coc:3)
  A centaur zombie (D:15)
  8 rust devils
  7 smoke demons
  A molten gargoyle (Geh:7)
  A black mamba (Lair:3)
  4 orange demons
  2 gargoyles
  A catoblepas zombie (Crypt:1)
  2 yaktaurs
  A tormentor (Dis:7)
  2 hydra zombies
  2 freezing wraiths (Coc:7)
  A tengu conjurer (D:15)
  3 demonic crawlers
  4 ice devils
  6 efreet
  An iron troll zombie (Crypt:2)
  2 hellwings (Pan)
  3 guardian mummies (Tomb:1)
  15 red devils
  A jumping spider (Spider:2)
  13 slime creatures
  A fire dragon zombie (Dis:5)
  3 large abominations
  A raiju (Abyss:5)
  13 flying skulls
  8 redbacks
  A wyvern (D:10)
  6 fire elementals
  A tarantella (Spider:4)
  3 ynoxinuls (Pan)
  A shadow (Vaults:2)
  4 wraiths
  2 yaks (Lair:2)
  A chaos spawn (Pan)
  6 neqoxecs (Pan)
  3 golden eyes
  A water moccasin (Lair:3)
  4 hell hounds
  2 orc warriors (Orc:2)
  A snapping turtle zombie (Dis:7)
  A necrophage (Hell)
  2 bullfrogs (Lair:4)
  A palentonga skeleton (Crypt:1)
  3 wights
  5 crimson imps
  A quasit (D:14)
  A jelly (D:14)
  A human zombie (Geh:7)
  5 iron imps
  An iguana (D:12)
  An orc wizard (Orc:2)
  A hell rat (Hell)
  A tengu skeleton (Geh:7)
  10 mummies (Tomb:1)
  A shadow imp (Tar:1)
  A white imp (Depths:1)
  A kobold zombie (Dis:5)
  A fire vortex (Pan)
390 creatures vanquished.

Vanquished Creatures (others)
  An ancient lich (Vaults:5)
  An eldritch tentacle (Pan)
  A fire giant (Geh:7)
  2 draconian annihilators (Pan)
  2 deep elf high priests (Vaults:5)
  A quicksilver dragon skeleton (Tar:1)
  A hell hog (Geh:4)
  2 hell knights (Crypt:3)
  An orb spider (Spider:2)
  A bog body (Coc:7)
  A rust devil (Dis:2)
  A freezing wraith (Dis:5)
  A hellwing (Pan)
  2 jumping spiders (Spider:4)
  An iron dragon simulacrum (Coc:7)
  2 flying skulls (Coc:7)
  An ushabti (Tomb:3)
  A human (D:13)
  A warg (Orc:1)
  3 hell hounds
  2 necrophages (Geh:1)
  5 wights
  A human simulacrum (Vaults:1)
  2 hell rats (Hell)
  A mummy (Tomb:3)
  2 white imps (Depths:1)
  An orc (Vaults:5)
  8 ball lightnings (Pan)
  2 fire vortices (Pan)
  21 fungi
  A lurking horror (Abyss:5)
  205 plants
  4 snaplasher vines
  11 tentacles
  A withered plant (Gauntlet)
294 creatures vanquished.

Grand Total: 3184 creatures vanquished

Notes
Turn   | Place    | Note
-------+----------+-------------------------------------------
     0 | D:1      | iamserjio the Gnoll Venom Mage began the quest for the Orb.
     0 | D:1      | Reached XP level 1. HP: 13/13 MP: 6/6
   140 | D:4      | Noticed a scorpion
   146 | D:4      | Killed a scorpion
   147 | D:4      | Reached skill level 1 in Fighting
   147 | D:4      | Reached skill level 1 in Short Blades
   147 | D:4      | Reached skill level 1 in Long Blades
   147 | D:4      | Reached skill level 1 in Axes
   147 | D:4      | Reached skill level 1 in Maces & Flails
   147 | D:4      | Reached skill level 1 in Polearms
   147 | D:4      | Reached skill level 1 in Staves
   147 | D:4      | Reached skill level 1 in Slings
   147 | D:4      | Reached skill level 1 in Bows
   147 | D:4      | Reached skill level 1 in Crossbows
   147 | D:4      | Reached skill level 1 in Throwing
   147 | D:4      | Reached skill level 1 in Armour
   147 | D:4      | Reached skill level 1 in Shields
   147 | D:4      | Reached skill level 1 in Unarmed Combat
   147 | D:4      | Reached skill level 5 in Spellcasting
   147 | D:4      | Reached skill level 1 in Invocations
   147 | D:4      | Reached skill level 1 in Evocations
   147 | D:4      | Reached XP level 2. HP: 20/21 MP: 2/8
   147 | D:4      | Reached XP level 3. HP: 25/26 MP: 2/9
   240 | D:4      | Reached skill level 1 in Conjurations
   240 | D:4      | Reached skill level 1 in Hexes
   240 | D:4      | Reached skill level 1 in Summonings
   240 | D:4      | Reached skill level 1 in Necromancy
   240 | D:4      | Reached skill level 1 in Translocations
   240 | D:4      | Reached skill level 1 in Fire Magic
   240 | D:4      | Reached skill level 1 in Ice Magic
   240 | D:4      | Reached skill level 1 in Air Magic
   240 | D:4      | Reached skill level 1 in Earth Magic
   240 | D:4      | Reached XP level 4. HP: 17/32 MP: 6/11
   303 | D:4      | Learned a level 2 spell: Poisonous Vapours
   308 | D:4      | Learned a level 4 spell: Olgreb's Toxic Radiance
   312 | D:4      | Learned a level 3 spell: Mephitic Cloud
   316 | D:4      | Learned a level 3 spell: Ignite Poison
   335 | D:4      | Reached XP level 5. HP: 28/37 MP: 7/12
   488 | D:3      | Noticed Grinder
   492 | D:3      | Found a stormy altar of Qazlal.
   498 | D:3      | Paralysed by Grinder for 3 turns
   543 | D:3      | Killed Grinder
   544 | D:3      | Reached skill level 5 in Dodging
   544 | D:3      | Reached skill level 2 in Invocations
   544 | D:3      | Reached XP level 6. HP: 6/44 MP: 3/14
   638 | D:5      | Entered Level 5 of the Dungeon
   650 | D:5      | Noticed a troll
   681 | D:5      | Killed a troll
   682 | D:5      | Reached XP level 7. HP: 29/51 MP: 1/15
   732 | D:5      | Got a crystal flail
   738 | D:5      | Identified the +6 flail of Zusuv {freeze, +Blink MP+9
                  | Dex+9} (You found it on level 5 of the Dungeon)
   825 | D:6      | Reached skill level 5 in Stealth
   839 | D:4      | Reached skill level 3 in Invocations
   901 | D:5      | Noticed Eustachio
   907 | D:5      | Killed Eustachio
   908 | D:5      | Reached XP level 8. HP: 14/57 MP: 8/16
   934 | D:5      | Noticed Pikel
   938 | D:5      | Killed Pikel
   973 | D:5      | Found a staircase to the Ecumenical Temple.
   982 | Temple   | Entered the Ecumenical Temple
  1056 | Temple   | Became a worshipper of Cheibriados the Contemplative
  1089 | D:6      | Found an ornate altar of the Wu Jian Council.
  1089 | D:6      | Found a basalt altar of Yredelemnul.
  1089 | D:6      | Found a bloodstained altar of Trog.
  1094 | D:6      | Found a shadowy altar of Dithmenos.
  1118 | D:6      | Reached skill level 4 in Invocations
  1162 | D:6      | Reached * piety under Cheibriados
  1198 | D:6      | HP: 3/60 [ogre/+0 giant club (24)]
  1200 | D:6      | Reached XP level 9. HP: 3/65 MP: 17/18
  1207 | D:6      | HP: 2/65 [orc (3)]
  1330 | D:7      | Noticed Joseph
  1413 | D:7      | Found a sacrificial altar of Ru.
  1452 | D:7      | Reached ** piety under Cheibriados
  1554 | D:7      | Killed Joseph
  1644 | D:8      | Reached *** piety under Cheibriados
  1687 | D:8      | Reached skill level 5 in Invocations
  1825 | D:9      | Found a staircase to the Lair.
  1835 | D:9      | Reached XP level 10. HP: 35/73 MP: 14/20
  1838 | D:9      | Reached skill level 5 in Fighting
  1838 | D:9      | Reached skill level 5 in Short Blades
  1838 | D:9      | Reached skill level 5 in Long Blades
  1838 | D:9      | Reached skill level 5 in Axes
  1838 | D:9      | Reached skill level 5 in Maces & Flails
  1838 | D:9      | Reached skill level 5 in Polearms
  1838 | D:9      | Reached skill level 5 in Staves
  1838 | D:9      | Reached skill level 5 in Slings
  1838 | D:9      | Reached skill level 5 in Bows
  1838 | D:9      | Reached skill level 5 in Crossbows
  1838 | D:9      | Reached skill level 5 in Throwing
  1838 | D:9      | Reached skill level 5 in Armour
  1838 | D:9      | Reached skill level 5 in Shields
  1838 | D:9      | Reached skill level 5 in Unarmed Combat
  1838 | D:9      | Reached skill level 5 in Evocations
  2037 | D:9      | Found a sacrificial altar of Ru.
  2073 | D:9      | Found a staircase to the Orcish Mines.
  2080 | D:9      | Reached **** piety under Cheibriados
  2120 | D:9      | Noticed a two-headed ogre
  2120 | D:9      | Noticed a two-headed ogre
  2129 | D:9      | Killed a two-headed ogre
  2130 | D:9      | Reached skill level 5 in Transmutations
  2130 | D:9      | Reached skill level 6 in Invocations
  2132 | D:9      | Killed a two-headed ogre
  2260 | D:9      | Reached XP level 11. HP: 50/81 MP: 8/22
  2402 | Orc:1    | Entered Level 1 of the Orcish Mines
  2402 | Orc:1    | Noticed a two-headed ogre
  2406 | Orc:1    | Killed a two-headed ogre
  2445 | Orc:1    | Found a roughly hewn altar of Beogh.
  2484 | Orc:2    | Entered Level 2 of the Orcish Mines
  2484 | Orc:2    | Noticed an orc high priest
  2489 | Orc:2    | Reached skill level 5 in Conjurations
  2489 | Orc:2    | Reached skill level 5 in Hexes
  2489 | Orc:2    | Reached skill level 5 in Summonings
  2489 | Orc:2    | Reached skill level 5 in Necromancy
  2489 | Orc:2    | Reached skill level 5 in Translocations
  2489 | Orc:2    | Reached skill level 5 in Fire Magic
  2489 | Orc:2    | Reached skill level 5 in Ice Magic
  2489 | Orc:2    | Reached skill level 5 in Air Magic
  2489 | Orc:2    | Reached skill level 5 in Earth Magic
  2489 | Orc:2    | Killed an orc high priest
  2510 | Orc:1    | Noticed an orc warlord
  2517 | Orc:1    | Killed an orc warlord
  2518 | Orc:1    | Reached skill level 7 in Invocations
  2518 | Orc:1    | Noticed an orc sorcerer
  2522 | Orc:1    | Killed an orc sorcerer
  2553 | Orc:1    | Noticed an orc warlord
  2563 | Orc:1    | Killed an orc warlord
  2693 | Orc:2    | Reached XP level 12. HP: 41/89 MP: 24/24
  2728 | Orc:2    | Found a dark tunnel.
  2733 | Volcano  | Entered a volcano
  2823 | Volcano  | Reached ***** piety under Cheibriados
  2925 | Orc:2    | Noticed an orc warlord
  2932 | Orc:2    | Killed an orc warlord
  2942 | Orc:2    | Noticed an orc high priest
  2944 | Orc:2    | Noticed an orc high priest
  2945 | Orc:2    | Killed an orc high priest
  2946 | Orc:2    | Reached skill level 8 in Invocations
  2947 | Orc:2    | Noticed an orc high priest
  2949 | Orc:2    | Killed an orc high priest
  2950 | Orc:2    | Killed an orc high priest
  2966 | Orc:2    | Paralysed by an orc sorcerer for 3 turns
  3048 | Orc:2    | Found a staircase to the Elven Halls.
  3057 | Elf:1    | Entered Level 1 of the Elven Halls
  3057 | Elf:1    | Noticed a deep elf knight
  3059 | Elf:1    | Killed a deep elf knight
  3096 | Orc:2    | Reached XP level 13. HP: 86/98 MP: 19/26
  3097 | Orc:2    | Found Afimn's Antique Armour Shop.
  3097 | Orc:2    | Found Sireag's Jewellery Shop.
  3098 | Orc:2    | Found Suinar's Magic Scroll Shoppe.
  3098 | Orc:2    | Found Nukhliva's Book Shoppe.
  3108 | Orc:2    | Bought an uncursed ring of protection from fire for 275
                  | gold pieces
  3108 | Orc:2    | Bought a cursed ring of teleportation for 49 gold pieces
  3108 | Orc:2    | Bought an uncursed ring of poison resistance for 220 gold
                  | pieces
  3110 | Orc:2    | Bought a book of Cantrips for 260 gold pieces
  3118 | Orc:2    | Bought a scroll of teleportation for 39 gold pieces
  3118 | Orc:2    | Bought a scroll of teleportation for 39 gold pieces
  3118 | Orc:2    | Bought a scroll of teleportation for 39 gold pieces
  3122 | Orc:2    | Learned a level 1 spell: Apportation
  3282 | D:10     | Entered Level 10 of the Dungeon
  3329 | D:11     | Got a translucent dire flail
  3330 | D:11     | Identified the +3 dire flail "ETAOIN SHRDLU" {vorpal,
                  | *Drain rElec rPois Int+3} (You found it on level 11 of the
                  | Dungeon)
  3364 | D:12     | Found the ring of Shadows {Umbra +Inv Stlth+}
  3374 | D:12     | Reached ****** piety under Cheibriados
  3476 | D:12     | Found a frozen archway.
  3492 | IceCv    | Entered an ice cave
  3613 | IceCv    | Noticed a frost giant
  3616 | IceCv    | Reached skill level 9 in Invocations
  3621 | IceCv    | Killed a frost giant
  3631 | IceCv    | Identified the Papyrus of the Frostbite
  3652 | IceCv    | Learned a level 4 spell: Summon Ice Beast
  3709 | D:13     | Found a gate to the Vaults.
  3709 | D:13     | Noticed Urug
  3709 | D:13     | Noticed Rupert
  3709 | D:13     | Noticed Nessos
  3713 | D:13     | Killed Nessos
  3715 | D:13     | Killed Urug
  3716 | D:13     | Reached skill level 10 in Spellcasting
  3719 | D:13     | Killed Rupert
  3736 | D:14     | Found Latric Qoil's Magic Scroll Emporium.
  3747 | D:14     | Bought a scroll of teleportation for 39 gold pieces
  3747 | D:14     | Bought a scroll of immolation for 45 gold pieces
  3747 | D:14     | Bought a scroll of teleportation for 39 gold pieces
  3780 | D:15     | Entered Level 15 of the Dungeon
  3785 | D:15     | Reached XP level 14. HP: 106/106 MP: 28/28
  3837 | D:15     | Reached skill level 10 in Dodging
  3892 | D:15     | Reached skill level 10 in Stealth
  3914 | D:15     | Reached skill level 10 in Invocations
  3941 | D:15     | Noticed a dire elephant
  3941 | D:15     | a catoblepas changed into a dire elephant
  3946 | D:15     | Noticed a stone giant
  3946 | D:15     | a dire elephant changed into a stone giant
  3949 | D:15     | Noticed a fenstrider witch
  3949 | D:15     | a stone giant changed into a fenstrider witch
  3952 | D:15     | Killed a fenstrider witch
  4382 | D:10     | Learned a level 2 spell: Passwall
  4389 | D:10     | Learned a level 6 spell: Ozocubu's Refrigeration
  4452 | D:10     | Noticed Josephine
  4455 | D:10     | Killed Josephine
  4489 | Lair:1   | Entered Level 1 of the Lair of Beasts
  4616 | Lair:3   | Found a gate leading to a gauntlet.
  4627 | Gauntlet | Entered a Gauntlet
  4627 | Gauntlet | Found a transporter.
  4628 | Gauntlet | Found a runed translucent door.
  4630 | Gauntlet | Found a transporter.
  4631 | Gauntlet | Found a transporter.
  4632 | Gauntlet | Found a runed translucent door.
  4651 | Gauntlet | Found a transporter.
  4654 | Gauntlet | Found a transporter.
  4659 | Gauntlet | Got a warped copper ring
  4667 | Gauntlet | Found a runed translucent gate.
  4667 | Gauntlet | Found a runed translucent gate.
  4667 | Gauntlet | Found a runed translucent gate.
  4669 | Gauntlet | Found a transporter.
  4682 | Gauntlet | Identified the ring "Siucveff" {Fire rPois Str+2 Stlth+}
                  | (You found it in a Gauntlet)
  4694 | Gauntlet | Got a pair of crude boots
  4706 | Gauntlet | Identified the cursed +0 pair of boots of Fashionability
                  | {Rampage} (You found it in a Gauntlet)
  4774 | Gauntlet | Identified the Grimoire of Icy Poisoning
  4939 | Lair:4   | Identified a scroll of acquirement
  4940 | Lair:4   | Acquired the +0 kite shield of the Hidden Vale {rC+ Dex+7}
  4963 | Lair:3   | Reached XP level 15. HP: 115/115 MP: 29/29
  5249 | Lair:4   | Found a hole to the Spider Nest.
  5268 | Lair:4   | Learned a level 3 spell: Ozocubu's Armour
  5269 | Spider:1 | Entered Level 1 of the Spider Nest
  5273 | Spider:1 | Reached skill level 10 in Poison Magic
  5293 | Spider:1 | Reached skill level 10 in Fighting
  5293 | Spider:1 | Reached skill level 10 in Short Blades
  5293 | Spider:1 | Reached skill level 10 in Long Blades
  5293 | Spider:1 | Reached skill level 10 in Axes
  5293 | Spider:1 | Reached skill level 10 in Maces & Flails
  5293 | Spider:1 | Reached skill level 10 in Polearms
  5293 | Spider:1 | Reached skill level 10 in Staves
  5293 | Spider:1 | Reached skill level 10 in Slings
  5293 | Spider:1 | Reached skill level 10 in Bows
  5293 | Spider:1 | Reached skill level 10 in Crossbows
  5293 | Spider:1 | Reached skill level 10 in Throwing
  5293 | Spider:1 | Reached skill level 10 in Armour
  5293 | Spider:1 | Reached skill level 10 in Shields
  5293 | Spider:1 | Reached skill level 10 in Unarmed Combat
  5293 | Spider:1 | Reached skill level 10 in Evocations
  5310 | Spider:1 | Found the +3 crown of Dyrovepreva {rElec Int+2 SInv}
  5327 | Spider:2 | Noticed Arachne
  5328 | Spider:2 | Noticed Kirke
  5375 | Spider:3 | Reached skill level 11 in Invocations
  5412 | Spider:4 | Entered Level 4 of the Spider Nest
  5478 | Spider:4 | Found a one-way gate to the infinite horrors of the Abyss.
  5479 | Spider:4 | Found a corrupted altar of Lugonu.
  5494 | Spider:4 | Noticed a ghost moth
  5500 | Spider:4 | Killed a ghost moth
  5511 | Spider:4 | Noticed an emperor scorpion
  5525 | Spider:4 | Killed an emperor scorpion
  5558 | Spider:4 | Found the +18 shield of the Gong {rElec rN+ Will+ EV-5}
  5619 | Spider:4 | Noticed an emperor scorpion
  5620 | Spider:4 | Noticed an emperor scorpion
  5625 | Spider:4 | Noticed an emperor scorpion
  5627 | Spider:4 | Noticed a ghost moth
  5631 | Spider:4 | Noticed an emperor scorpion
  5633 | Spider:4 | Killed an emperor scorpion
  5634 | Spider:4 | Reached XP level 16. HP: 81/123 MP: 1/31
  5723 | Spider:4 | Got a gossamer rune of Zot
  5943 | Lair:4   | Noticed Snorg
  5945 | Lair:4   | Found a staircase to the Shoals.
  5959 | Shoals:1 | Entered Level 1 of the Shoals
  5959 | Shoals:1 | Noticed Aizul
  5983 | Shoals:1 | Killed Aizul
  5983 | Shoals:1 | Noticed Jorgrun
  6006 | Lair:4   | Learned a level 6 spell: Statue Form
  6012 | Lair:4   | Learned a level 5 spell: Irradiate
  6030 | Shoals:1 | Killed Jorgrun
  6214 | Shoals:3 | Reached skill level 12 in Invocations
  6256 | Shoals:3 | Found a flickering gateway to a bazaar.
  6268 | Bazaar   | Entered a bazaar
  6268 | Bazaar   | Found Lonoc's General Store.
  6268 | Bazaar   | Found Reososai's Antique Armour Shoppe.
  6269 | Bazaar   | Found Wuowk's Distillery.
  6269 | Bazaar   | Found Saawkaz's Magic Scroll Emporium.
  6271 | Bazaar   | Bought a scroll of magic mapping for 52 gold pieces
  6277 | Bazaar   | Bought a scroll of magic mapping for 52 gold pieces
  6277 | Bazaar   | Bought a scroll of teleportation for 45 gold pieces
  6281 | Bazaar   | Bought a potion of mutation for 112 gold pieces
  6281 | Bazaar   | Bought a potion of heal wounds for 70 gold pieces
  6281 | Bazaar   | Bought a potion of heal wounds for 70 gold pieces
  6281 | Bazaar   | Bought 2 potions of resistance for 280 gold pieces
  6302 | Shoals:4 | Entered Level 4 of the Shoals
  6315 | Shoals:4 | Found a runed translucent door.
  6316 | Shoals:4 | Noticed Gnirx's ghost (adept MiBe)
  6350 | Shoals:4 | Reached XP level 17. HP: 131/131 MP: 23/33
  6372 | Shoals:4 | Got a barnacled rune of Zot
  6442 | Shoals:4 | Identified the Compendium of Necromancy
  6472 | Shoals:4 | Reached skill level 10 in Transmutations
  6778 | Lair:4   | Killed Snorg
  6865 | Lair:5   | Upgraded the game from 0.26.0-11-g8f856b5395 to
                  | 0.26.0-15-gc6cd9f700b
  6973 | Lair:5   | Learned a level 4 spell: Passage of Golubria
  7005 | Lair:6   | Entered Level 6 of the Lair of Beasts
  7070 | Lair:6   | Reached skill level 10 in Conjurations
  7070 | Lair:6   | Reached skill level 10 in Hexes
  7070 | Lair:6   | Reached skill level 10 in Summonings
  7070 | Lair:6   | Reached skill level 10 in Necromancy
  7070 | Lair:6   | Reached skill level 10 in Translocations
  7070 | Lair:6   | Reached skill level 10 in Fire Magic
  7070 | Lair:6   | Reached skill level 10 in Ice Magic
  7070 | Lair:6   | Reached skill level 10 in Air Magic
  7070 | Lair:6   | Reached skill level 10 in Earth Magic
  7188 | Lair:6   | Found a runed translucent door.
  7190 | Lair:6   | Found a viscous altar of Jiyva.
  7194 | Lair:6   | Found a staircase to the Slime Pits.
  7248 | Slime:1  | Entered Level 1 of the Pits of Slime
  7287 | Slime:2  | Noticed an acid blob
  7320 | Slime:2  | Noticed an acid blob
  7323 | Slime:2  | Killed an acid blob
  7325 | Slime:2  | Killed an acid blob
  7334 | Slime:3  | Noticed Dissolution
  7336 | Slime:3  | Paralysed by a great orb of eyes for 4 turns
  7338 | Slime:3  | Noticed an acid blob
  7349 | Slime:2  | Killed Dissolution
  7350 | Slime:2  | Reached XP level 18. HP: 140/140 MP: 8/34
  7417 | Slime:3  | Reached skill level 13 in Invocations
  7460 | Slime:5  | Entered Level 5 of the Pits of Slime
  7480 | Slime:5  | Noticed the Royal Jelly
  7492 | Slime:5  | Gained mutation: Your magical capacity is low. (-10% MP) [a
                  | shining eye]
  7503 | Slime:5  | Paralysed by a great orb of eyes for 2 turns
  7514 | Slime:5  | Found a viscous altar of Jiyva.
  7677 | Slime:5  | Killed the Royal Jelly
  7709 | Slime:5  | Got a fading scimitar
  7721 | Slime:5  | Identified the +2 scimitar of Fimbulwinter {venom, Int+3
                  | Dex+4} (You found it on level 5 of the Pits of Slime)
  7744 | Slime:5  | Got a slimy rune of Zot
  7770 | Slime:5  | Acquired 1138 gold pieces
  7774 | Slime:5  | Got a vibrating granite ring
  7776 | Slime:5  | Identified the ring "Vigaa" {+Blink rC++ Str+4 Dex-2
                  | Stlth-} (You found it on level 5 of the Pits of Slime)
  7788 | Slime:5  | Identified the Tome of Vitriolic Shape Shifting
  7935 | Lair:5   | Got a shimmering amethyst amulet
  7946 | Lair:5   | Identified the amulet of Cuuduj {Acrobat rElec Str+7} (You
                  | found it on level 5 of the Lair of Beasts)
  8098 | Lair:1   | Reached XP level 19. HP: 147/147 MP: 25/32
  8282 | D:14     | Found Sysotad's General Store.
  8286 | D:14     | Bought a scroll of magic mapping for 52 gold pieces
  8286 | D:14     | Bought 2 potions of curing for 90 gold pieces
  8286 | D:14     | Bought a scroll of enchant armour for 112 gold pieces
  8286 | D:14     | Bought a potion of curing for 45 gold pieces
  8286 | D:14     | Bought a potion of lignification for 45 gold pieces
  8322 | D:14     | Bought a scroll of identify for 26 gold pieces
  8322 | D:14     | Bought a scroll of enchant armour for 97 gold pieces
  8322 | D:14     | Bought a scroll of enchant weapon for 97 gold pieces
  8337 | Vaults:1 | Entered Level 1 of the Vaults
  8359 | Vaults:1 | Learned a level 5 spell: Borgnjor's Vile Clutch
  8362 | Vaults:1 | Learned a level 2 spell: Sublimation of Blood
  8622 | Vaults:3 | Found Nufyhim's Antique Armour Boutique.
  8683 | Vaults:5 | Entered Level 5 of the Vaults
  8698 | Vaults:4 | Reached skill level 14 in Invocations
  8817 | Vaults:4 | Reached XP level 20. HP: 156/156 MP: 4/34
  8953 | Vaults:5 | Noticed an ancient lich
  8960 | Vaults:5 | Killed an ancient lich
  9014 | Vaults:5 | Noticed Jory
  9015 | Vaults:5 | Noticed a golden dragon
  9031 | Vaults:5 | Killed Jory
  9033 | Vaults:5 | Killed a golden dragon
  9078 | Vaults:5 | Identified the ring "Ewuvvieng" {rPois rC+ rN+ Str-2 Dex+5}
  9114 | Vaults:5 | Acquired 1186 gold pieces
  9142 | Vaults:5 | Got a silver rune of Zot
  9180 | Vaults:5 | Noticed a golden dragon
  9182 | Vaults:5 | Reached XP level 21. HP: 164/164 MP: 32/35
  9194 | Vaults:5 | Killed a golden dragon
  9210 | Vaults:5 | Noticed a golden dragon
  9223 | Vaults:5 | Killed a golden dragon
  9235 | Vaults:5 | Reached skill level 15 in Invocations
  9295 | Vaults:5 | Found Kuto's General Store.
  9298 | Vaults:5 | Bought a potion of heal wounds for 95 gold pieces
  9298 | Vaults:5 | Bought a scroll of identify for 38 gold pieces
  9331 | Vaults:5 | Identified the +1 helmet of Tartarus {rCorr Dex+2} (You
                  | found it on level 5 of the Vaults)
  9488 | Vaults:5 | Learned a level 2 spell: Blink
  9496 | Vaults:5 | Learned a level 7 spell: Spellforged Servitor
  9775 | Vaults:2 | Found Hetaolol's Armour Emporium.
  9787 | Vaults:2 | Bought the +0 pair of boots of the Snake Pit {Int+4} for
                  | 358 gold pieces
  9880 | Vaults:2 | Found a runed translucent gate.
  9880 | Vaults:2 | Found a runed translucent gate.
  9880 | Vaults:2 | Found a runed translucent gate.
  9895 | Vaults:2 | Noticed Bailed's ghost (veteran MiMo)
  9905 | Vaults:2 | Learned a level 6 spell: Iron Shot
  9925 | Vaults:2 | Killed Bailed's ghost
  9971 | Vaults:2 | Reached skill level 15 in Spellcasting
  9978 | Vaults:2 | Reached XP level 22. HP: 172/172 MP: 6/36
 10014 | Vaults:2 | Found a staircase to the Crypt.
 10048 | Crypt:1  | Entered Level 1 of the Crypt
 10116 | Crypt:2  | Reached skill level 15 in Dodging
 10145 | Crypt:3  | Entered Level 3 of the Crypt
 10224 | Crypt:3  | Noticed Sojobo
 10238 | Crypt:3  | Found a basalt altar of Yredelemnul.
 10238 | Crypt:3  | Noticed an ancient lich
 10244 | Crypt:3  | Killed an ancient lich
 10245 | Crypt:3  | Reached skill level 15 in Stealth
 10317 | Crypt:3  | Killed Sojobo
 10418 | Crypt:3  | Noticed Margery
 10434 | Crypt:3  | HP: 2/224 [Margery/fireball (36)]
 10437 | Crypt:3  | Killed Margery
 10487 | Crypt:3  | Identified the Handbook of Unholy Magic
 10494 | Crypt:3  | Learned a level 5 spell: Silence
 10495 | Crypt:3  | Noticed Xtahua
 10498 | Crypt:3  | Killed Xtahua
 10596 | Crypt:3  | Found a staircase to the Tomb.
 10608 | Tomb:1   | Entered Level 1 of the Tomb of the Ancients
 10694 | Tomb:1   | Reached skill level 16 in Invocations
 10757 | Tomb:1   | Noticed a royal mummy
 10758 | Tomb:1   | Reached XP level 23. HP: 171/180 MP: 22/38
 10770 | Tomb:1   | Killed a royal mummy
 10842 | Tomb:1   | Reached skill level 15 in Fighting
 10842 | Tomb:1   | Reached skill level 15 in Short Blades
 10842 | Tomb:1   | Reached skill level 15 in Long Blades
 10842 | Tomb:1   | Reached skill level 15 in Axes
 10842 | Tomb:1   | Reached skill level 15 in Maces & Flails
 10842 | Tomb:1   | Reached skill level 15 in Polearms
 10842 | Tomb:1   | Reached skill level 15 in Staves
 10842 | Tomb:1   | Reached skill level 15 in Slings
 10842 | Tomb:1   | Reached skill level 15 in Bows
 10842 | Tomb:1   | Reached skill level 15 in Crossbows
 10842 | Tomb:1   | Reached skill level 15 in Throwing
 10842 | Tomb:1   | Reached skill level 15 in Armour
 10842 | Tomb:1   | Reached skill level 15 in Shields
 10842 | Tomb:1   | Reached skill level 15 in Unarmed Combat
 10842 | Tomb:1   | Reached skill level 15 in Evocations
 10946 | Tomb:1   | Noticed a royal mummy
 10951 | Tomb:1   | Noticed a royal mummy
 10951 | Tomb:1   | Noticed a royal mummy
 10951 | Tomb:1   | Noticed a royal mummy
 10952 | Tomb:1   | Noticed a royal mummy
 10959 | Tomb:1   | Killed a royal mummy
 10962 | Tomb:1   | Killed a royal mummy
 10966 | Tomb:1   | Killed a royal mummy
 10970 | Tomb:1   | Killed a royal mummy
 10981 | Tomb:1   | Noticed a royal mummy
 10995 | Tomb:1   | Killed a royal mummy
 11019 | Tomb:1   | Killed a royal mummy
 11183 | Tomb:3   | Entered Level 3 of the Tomb of the Ancients
 11198 | Tomb:3   | Noticed a royal mummy
 11198 | Tomb:3   | Noticed a royal mummy
 11198 | Tomb:3   | Noticed a royal mummy
 11198 | Tomb:3   | Noticed a royal mummy
 11199 | Tomb:3   | Noticed an ancient lich
 11201 | Tomb:3   | Noticed a royal mummy
 11203 | Tomb:3   | Noticed an ancient lich
 11219 | Tomb:3   | Killed an ancient lich
 11231 | Tomb:3   | Killed an ancient lich
 11237 | Tomb:3   | Noticed a royal mummy
 11245 | Tomb:3   | Killed a royal mummy
 11257 | Tomb:3   | Killed a royal mummy
 11260 | Tomb:3   | Killed a royal mummy
 11270 | Tomb:3   | Reached XP level 24. HP: 98/189 MP: 22/38
 11293 | Tomb:3   | Killed a royal mummy
 11317 | Tomb:3   | Killed a royal mummy
 11342 | Tomb:3   | Noticed a royal mummy
 11349 | Tomb:3   | Killed a royal mummy
 11377 | Tomb:3   | Killed a royal mummy
 11415 | Tomb:3   | Got a golden rune of Zot
 11448 | Tomb:3   | Found the +8 storm bow {elec, penet}
 11453 | Tomb:3   | Identified the Disquisition on Hexes
 11842 | Vaults:1 | Reached skill level 17 in Invocations
 11912 | D:15     | Gained mutation: You are frail. (-10% HP) [mutagenic glow]
 11928 | D:15     | Gained mutation: You are very frail. (-20% HP) [mutagenic
                  | glow]
 11960 | D:15     | Found a staircase to the Depths.
 11988 | D:15     | Cast into level 5 of the Abyss (unwielding a weapon of
                  | distortion)
 11988 | Abyss:5  | Entered Level 5 of the Abyss
 12010 | Abyss:5  | Paralysed by a floating eye for 2 turns
 12029 | Abyss:5  | Got an abyssal rune of Zot
 12103 | D:15     | Escaped the Abyss
 12121 | D:15     | Lost mutation: Your magical capacity is low. (-10% MP)
                  | [potion of mutation]
 12121 | D:15     | Lost mutation: You are very frail. (-20% HP) [potion of
                  | mutation]
 12121 | D:15     | Lost mutation: You are frail. (-10% HP) [potion of
                  | mutation]
 12121 | D:15     | Gained mutation: You are partially covered in large bone
                  | plates. (SH +4) [potion of mutation]
 12121 | D:15     | Gained mutation: You have large cloven feet. [potion of
                  | mutation]
 12121 | D:15     | Gained mutation: You expend magic power (3 MP) to
                  | strengthen your wands. [potion of mutation]
 12129 | Depths:1 | Entered Level 1 of the Depths
 12166 | Depths:1 | Identified the Incunabulum of Moulding and Intoxication
 12204 | Depths:1 | Found a one-way gate leading to the halls of Pandemonium.
 12256 | Depths:1 | Acquired 652 gold pieces
 12331 | Depths:1 | Found a portal to a secret trove of treasure.
 12345 | Depths:1 | You showed the slimy rune of Zot to enter a treasure trove
 12346 | Trove    | Entered a treasure trove
 12364 | Trove    | Identified the +0 pair of boots of Eluuvi Doos {rC+ Str+7
                  | Dex-2} (You found it in a treasure trove)
 12365 | Trove    | Identified the +3 kite shield of the Arcane {rF- Str+4
                  | Int+5} (You found it in a treasure trove)
 12366 | Trove    | Identified the ring of Contention {Str+4 SInv} (You found
                  | it in a treasure trove)
 12367 | Trove    | Identified the ring "Noingexarch" {Wiz rC+ Int+2} (You
                  | found it in a treasure trove)
 12368 | Trove    | Identified the ring of Discretion {AC+4 Int+2} (You found
                  | it in a treasure trove)
 12443 | Depths:2 | Reached XP level 25. HP: 197/197 MP: 27/43
 12512 | Depths:3 | Noticed Ubraesch's ghost (adept TrMo)
 12515 | Depths:3 | Found a runed translucent gate.
 12515 | Depths:3 | Found a runed translucent gate.
 12515 | Depths:3 | Found a runed translucent gate.
 12530 | Depths:3 | Killed Ubraesch's ghost
 12548 | Depths:3 | Found a gateway to Hell.
 12710 | Depths:2 | Identified the +6 quarterstaff "Emirimah" {vorpal, *Slow
                  | rPois Will+++ Str+4}
 12846 | Depths:1 | Learned a level 8 spell: Borgnjor's Revivification
 12847 | Pan      | Entered Pandemonium
 12887 | Pan      | Gained mutation: Armour fits poorly on your strangely
                  | shaped body. [a cacodemon]
 12908 | Pan      | Entered the realm of Mnoleg.
 12955 | Pan      | Gained mutation: Your magical capacity is low. (-10% MP) [a
                  | shining eye]
 12957 | Pan      | Gained mutation: You are clumsy. (Dex -2) [a shining eye]
 12959 | Pan      | Gained mutation: You are partially covered in icy blue
                  | scales. (AC +2) [a cacodemon]
 12962 | Pan      | Gained mutation: Scrolls take you a little longer to read.
                  | [a cacodemon]
 12981 | Pan      | Gained mutation: Your body sometimes deteriorates upon
                  | taking damage. [a cacodemon]
 12983 | Pan      | Gained mutation: Your magical capacity is very low. (-20%
                  | MP) [a cacodemon]
 12988 | Pan      | Gained mutation: Scrolls take you longer to read. [a
                  | cacodemon]
 13030 | Pan      | Noticed Mnoleg
 13047 | Pan      | Gained mutation: You tend to lose your temper in combat. [a
                  | cacodemon]
 13054 | Pan      | Lost mutation: You tend to lose your temper in combat. [a
                  | cacodemon]
 13064 | Pan      | Killed Mnoleg
 13092 | Pan      | Reached skill level 15 in Poison Magic
 13126 | Pan      | Gained mutation: You occasionally shout uncontrollably at
                  | your foes. [a cacodemon]
 13178 | Pan      | Got a glowing rune of Zot
 13309 | Pan      | Noticed Yrghummij the pandemonium lord
 13320 | Pan      | Killed Yrghummij the pandemonium lord
 13377 | Pan      | Got a demonic rune of Zot
 13468 | Pan      | Reached XP level 26. HP: 131/206 MP: 21/35
 13639 | Pan      | Reached skill level 18 in Invocations
 13654 | Depths:1 | Escaped Pandemonium
 13657 | Pan      | Entered Pandemonium
 13698 | Depths:1 | Escaped Pandemonium
 13701 | Pan      | Entered Pandemonium
 13740 | Pan      | Found an exit through the horrors of the Abyss.
 13766 | Pan      | Gained mutation: You sometimes yell uncontrollably at your
                  | foes. [a cacodemon]
 13875 | Pan      | Noticed Goibint the pandemonium lord
 13906 | Pan      | Entered the realm of Lom Lobon.
 13915 | Pan      | Upgraded the game from 0.26.0-15-gc6cd9f700b to
                  | 0.26.0-16-gc1dbca0489
 13921 | Pan      | Learned a level 5 spell: Summon Forest
 13960 | Pan      | Lost mutation: You are partially covered in icy blue
                  | scales. (AC +2) [potion of mutation]
 13960 | Pan      | Lost mutation: Scrolls take you longer to read. [potion of
                  | mutation]
 13960 | Pan      | Lost mutation: You expend magic power (3 MP) to strengthen
                  | your wands. [potion of mutation]
 13960 | Pan      | Gained mutation: You have a somewhat thin skeletal
                  | structure. (Dex +2, Stealth) [potion of mutation]
 13961 | Pan      | Lost mutation: You are clumsy. (Dex -2) [potion of
                  | mutation]
 13961 | Pan      | Lost mutation: You sometimes yell uncontrollably at your
                  | foes. [potion of mutation]
 13961 | Pan      | Lost mutation: Armour fits poorly on your strangely shaped
                  | body. [potion of mutation]
 13961 | Pan      | Lost mutation: Scrolls take you a little longer to read.
                  | [potion of mutation]
 13961 | Pan      | Gained mutation: You are agile. (Dex +2) [potion of
                  | mutation]
 13961 | Pan      | Gained mutation: You evolve. [potion of mutation]
 13962 | Pan      | Lost mutation: Your magical capacity is very low. (-20% MP)
                  | [potion of mutation]
 13962 | Pan      | Lost mutation: You evolve. [potion of mutation]
 13962 | Pan      | Gained mutation: You are partially covered in molten
                  | scales. (AC +2) [potion of mutation]
 13962 | Pan      | Gained mutation: You have hoof-like feet. [potion of
                  | mutation]
 14093 | Pan      | Noticed Lom Lobon
 14125 | Pan      | Got a magical rune of Zot
 14152 | Pan      | Found an exit through the horrors of the Abyss.
 14308 | Pan      | Found a transporter.
 14336 | Pan      | Entered the realm of Gloorx Vloq.
 14336 | Pan      | Noticed Gloorx Vloq
 14344 | Pan      | Got a dark rune of Zot
 14375 | Pan      | Entered the realm of Cerebov.
 14526 | Pan      | Identified the +6 sword of Cerebov {flame}
 14526 | Pan      | Noticed Cerebov
 14551 | Pan      | Killed Cerebov
 14580 | Pan      | Identified the Grimoire of the Snowflakes and Beguiling
 14606 | Pan      | Got a fiery rune of Zot
 14713 | Depths:1 | Escaped Pandemonium
 14759 | Hell     | Entered the Vestibule of Hell
 14759 | Hell     | Noticed Geryon
 14770 | Hell     | Killed Geryon
 14822 | Hell     | Reached XP level 27. HP: 130/215 MP: 14/40
 14824 | Hell     | Reached skill level 15 in Transmutations
 14903 | Hell     | Found a gateway to the ashen valley of Gehenna.
 14928 | Geh:1    | Entered Level 1 of Gehenna
 14928 | Geh:1    | Found a gateway to Hell.
 15046 | Geh:2    | Found a gateway to Hell.
 15061 | Geh:2    | Found a gateway to Hell.
 15141 | Geh:2    | Reached skill level 15 in Conjurations
 15141 | Geh:2    | Reached skill level 15 in Hexes
 15141 | Geh:2    | Reached skill level 15 in Summonings
 15141 | Geh:2    | Reached skill level 15 in Necromancy
 15141 | Geh:2    | Reached skill level 15 in Translocations
 15141 | Geh:2    | Reached skill level 15 in Fire Magic
 15141 | Geh:2    | Reached skill level 15 in Ice Magic
 15141 | Geh:2    | Reached skill level 15 in Air Magic
 15141 | Geh:2    | Reached skill level 15 in Earth Magic
 15153 | Geh:2    | You fall into a shaft and drop 1 floor!
 15165 | Geh:4    | Found a gateway to Hell.
 15180 | Geh:4    | Found a gateway to Hell.
 15220 | Geh:4    | You fall into a shaft and drop 1 floor!
 15220 | Geh:5    | Found a gateway to Hell.
 15259 | Geh:5    | Found a gateway to Hell.
 15269 | Geh:6    | Found a gateway to Hell.
 15283 | Geh:6    | Found a gateway to Hell.
 15293 | Geh:6    | Found a gateway to Hell.
 15314 | Geh:7    | Entered Level 7 of Gehenna
 15314 | Geh:7    | Found a gateway to Hell.
 15314 | Geh:7    | Found a gateway to Hell.
 15314 | Geh:7    | Found a gateway to Hell.
 15480 | Geh:7    | Identified the +12 quarterstaff of Entrepreneurial Spirit
                  | {venom, rC+}
 15549 | Geh:7    | Identified the ring of Waosarunk {+Inv rN+} (You found it
                  | on level 7 of Gehenna)
 15597 | Geh:7    | Reached skill level 19 in Invocations
 15616 | Geh:7    | Identified the +7 sceptre of Asmodeus
 15616 | Geh:7    | Noticed Asmodeus
 15637 | Geh:7    | Identified the ring "Acekoip" {rF+ Dex+4 Slay+2}
 15685 | Geh:7    | Got an obsidian rune of Zot
 15809 | Hell     | Found a gateway to the decaying netherworld of Tartarus.
 15823 | Tar:1    | Entered Level 1 of Tartarus
 15823 | Tar:1    | Found a gateway to Hell.
 16024 | Tar:2    | Found a gateway to Hell.
 16040 | Tar:3    | Found a gateway to Hell.
 16208 | Tar:6    | Found a gateway to Hell.
 16223 | Tar:7    | Entered Level 7 of Tartarus
 16223 | Tar:7    | Found a gateway to Hell.
 16223 | Tar:7    | Found a gateway to Hell.
 16223 | Tar:7    | Found a gateway to Hell.
 16467 | Tar:7    | Noticed Ereshkigal
 16496 | Tar:7    | Killed Ereshkigal
 16547 | Tar:7    | Got a bone rune of Zot
 16747 | Hell     | Found a gateway to the freezing wastes of Cocytus.
 16774 | Coc:1    | Entered Level 1 of Cocytus
 16774 | Coc:1    | Found a gateway to Hell.
 16803 | Coc:2    | Found a gateway to Hell.
 16803 | Coc:2    | Found a gateway to Hell.
 16810 | Coc:3    | Found a gateway to Hell.
 16863 | Coc:3    | Found a gateway to Hell.
 16885 | Coc:3    | Found a gateway to Hell.
 16891 | Coc:4    | Found a gateway to Hell.
 16895 | Coc:4    | Found a gateway to Hell.
 16895 | Coc:4    | Found a gateway to Hell.
 16900 | Coc:5    | Found a gateway to Hell.
 16908 | Coc:5    | Found a gateway to Hell.
 16913 | Coc:5    | You fall into a shaft and drop 1 floor!
 16919 | Coc:7    | Entered Level 7 of Cocytus
 16919 | Coc:7    | Found a gateway to Hell.
 16919 | Coc:7    | Found a gateway to Hell.
 16919 | Coc:7    | Found a gateway to Hell.
 17128 | Coc:7    | Noticed Antaeus
 17160 | Coc:7    | Reached skill level 20 in Invocations
 17203 | Coc:7    | Got an icy rune of Zot
 17324 | Hell     | Found a gateway to the Iron City of Dis.
 17332 | Dis:1    | Entered Level 1 of the Iron City of Dis
 17332 | Dis:1    | Found a gateway to Hell.
 17377 | Dis:2    | Found a gateway to Hell.
 17405 | Dis:3    | Found a gateway to Hell.
 17405 | Dis:3    | Found a gateway to Hell.
 17408 | Dis:4    | Found a gateway to Hell.
 17472 | Dis:4    | You fall into a shaft and drop 1 floor!
 17593 | Dis:5    | Found a gateway to Hell.
 17607 | Dis:5    | Found a gateway to Hell.
 17785 | Dis:5    | Found a gateway to Hell.
 17871 | Dis:6    | Found a gateway to Hell.
 17871 | Dis:6    | Found a gateway to Hell.
 17900 | Dis:7    | Entered Level 7 of the Iron City of Dis
 17980 | Dis:7    | Noticed the Serpent of Hell
 18349 | Dis:7    | Identified the +4 staff of Dispater
 18349 | Dis:7    | Noticed Dispater
 18386 | Dis:7    | Killed Dispater
 18411 | Dis:7    | Got an iron rune of Zot
 18554 | Dis:7    | Found a gateway to Hell.
 18556 | Dis:7    | Found a gateway to Hell.
 18556 | Dis:7    | Found a gateway to Hell.
 18622 | Depths:5 | Entered Level 5 of the Depths
 18706 | Depths:5 | Found a gate to the Realm of Zot.
 18727 | Depths:5 | Learned a level 5 spell: Silence
 18741 | Zot:1    | Entered Level 1 of the Realm of Zot
 18778 | Zot:1    | You fall into a shaft and drop 1 floor!
 18906 | Zot:4    | Learned a level 6 spell: Invisibility
 18945 | Zot:5    | Entered Level 5 of the Realm of Zot
 18945 | Zot:5    | Noticed an ancient lich
 18948 | Zot:5    | Killed an ancient lich
 19145 | Zot:5    | Noticed an orb of fire
 19157 | Zot:5    | Killed an orb of fire
 19159 | Zot:5    | Noticed an ancient lich
 19160 | Zot:5    | Noticed an orb of fire
 19161 | Zot:5    | Noticed an orb of fire
 19165 | Zot:5    | Killed an ancient lich
 19169 | Zot:5    | Reached skill level 21 in Invocations
 19219 | Zot:5    | Gained mutation: Armour fits poorly on your strangely
                  | shaped body. [an orb of fire]
 19220 | Zot:5    | Killed an orb of fire
 19244 | Zot:5    | Lost mutation: You are agile. (Dex +2) [an orb of fire]
 19251 | Zot:5    | Killed an orb of fire
 19354 | Zot:5    | Noticed an ancient lich
 19355 | Zot:5    | Noticed an ancient lich
 19356 | Zot:5    | Got the Orb of Zot
 19366 | Zot:5    | Noticed an orb of fire
 19796 | D:$      | Escaped with the Orb!

Illustrated notes

Levels and vault maps discovered:
D:1:      dpeg_arrival_lava_temple_mockup, layout_basic, chequers_big_river
D:2:      layout_basic, uniq_jessica
D:3:      layout_basic, old_standard_altar, serial_bayou, serial_bayou_lagoon_a,
          serial_bayou_lagoon_b, uniq_grinder
D:4:      layout_loops_corners, grunt_ministairs_10
D:5:      layout_rooms, minmay_temple_entry_gardened_gates, uniq_eustachio,
          uniq_pikel
D:6:      layout_rooms, marbit_many_paths,
          chequers_temple_overflow_statue_of_worship, kennysheep_mini
D:7:      layout_loops_ring, basic_altar, uniq_joseph
D:8:      layout_basic, serial_ice, serial_ice_e, serial_ice_j, serial_ice_h,
          serial_ice_a, serial_ice_b, serial_ice_o, serial_ice_c, serial_ice_m,
          hangedman_decor_points
D:9:      kennysheep_town
D:10:     layout_stronghold, uniq_josephine
D:11:     layout_rooms
D:12:     layout_loops_ring, portal_ice_cave_entry_pillars_1,
          chequers_serial_rivers_micro_a
D:13:     layout_cave_pools, david_vaults_3
D:14:     layout_stronghold, skrybe_limestone_x, serial_shops,
          nicolae_shop_competitors_out_of_business, nicolae_shop_crystal
D:15:     hangedman_depths_entry_civil_slaughter, layout_cave_pools,
          evilmike_ruin_ashenzari
Temple:   eino_temple_rhombus
Lair:1:   layout_regular_city
Lair:2:   layout_roguey [special_room_bee]
Lair:3:   layout_regular_city, gauntlet_entry_generic, wad_woods_road_02,
          beast_lair_carwin_9
Lair:4:   layout_gridlike, minmay_shoals_entry_hut,
          spider_nest_entry_funnel_web, uniq_nessos, uniq_snorg
Lair:5:   layout_roguey, infiniplex_staircase_pool
Lair:6:   evilmike_catoblepas_cave, layout_regular_city, slime_altar_2
Shoals:1: layout_shoals, nicolae_shoals_drake_roost, uniq_aizul, uniq_frances,
          uniq_jorgrun
Shoals:2: layout_shoals
Shoals:3: layout_shoals, serial_shops, bzr_entry_customers, st_sunken_temple
Shoals:4: shoals_end_hangedman, layout_shoals, ebering_ghost_reflecting_pool
Spider:1: layout_spider_delve
Spider:2: layout_spider_delve, uniq_kirke, uniq_arachne
Spider:3: layout_spider_delve
Spider:4: grunt_spider_rune_circles, amcnicky_altar_lugonu_corruption, uniq_mara
Slime:1:  layout_caves, cheibrodos_slime_lost_civilization_6
Slime:2:  layout_caves
Slime:3:  layout_caves, dissolution_awaits
Slime:4:  layout_caves
Slime:5
Orc:1:    layout_caves, basic_altar
Orc:2:    st_orc_elflike, layout_diamond_mine, enter_volcano_4
Elf:1:    layout_loops_cross, serial_shops, nicolae_shop_stone,
          hangedman_elf_represent, minmay_shoptagon, uniq_asterion,
          uniq_roxanne, uniq_agnes
Vaults:1: nicolae_vaults_ring_of_whatevers, v_misc_30, v_misc_1,
          nicolae_vaults_yaktaur_gun_rack, ontoclasm_vaults_bender,
          hangedman_vaults_stretched_pinwheel, v_misc_14,
          ontoclasm_vaults_ring_small, v_pattern_3, vaults_room_door_ring,
          v_alt_pattern_2, nicolae_vaults_diagonal_hallway_7,
          vaults_dpeg_diagonal, layout_vaults_omnicross, serial_shops,
          nicolae_shop_behind_doors, uniq_nikola
Vaults:2: gammafunk_vaults_ghost_spectres, nicolae_vaults_little_squares_3,
          v_misc_22, hangedman_vaults_snaps, vaults_dpeg_ring, v_misc_14,
          hangedman_vaults_locks, nicolae_vaults_know_your_exits,
          grunt_vaults_funnel, vaults_room_hallway, layout_vaults_big_room,
          minmay_crypt_entry_simple_statues, serial_shops,
          nicolae_shop_behind_doors
Vaults:3: ontoclasm_vaults_ring_square, vaults_room_hallway,
          nicolae_vaults_circle_grid_a, v_alt_pattern_3, v_alt_pattern_2,
          ontoclasm_vaults_idyll, ontoclasm_vaults_eye, dpeg_vaults_monster_row,
          v_misc_27, vaults_room_fancy_cross, layout_vaults_quadrants,
          serial_shops, shop
Vaults:4: hangedman_vaults_cutoff, v_misc_22, v_misc_8,
          nicolae_vaults_windows_and_doors_thing,
          ontoclasm_vaults_claustrophobia, hangedman_vaults_river_flow,
          nicolae_vaults_back_hallway, nicolae_vaults_theta,
          ontoclasm_vaults_spin, layout_vaults_ring
Vaults:5: uniq_jory
Crypt:1:  layout_basic
Crypt:2:  layout_gridlike, uniq_donald
Crypt:3:  cryptofortress_bobbens, uniq_margery, uniq_sojobo, uniq_xtahua
Tomb:1
Tomb:2
Tomb:3
Depths:1: layout_big_octagon, nicolae_trove_entry_path_of_doom,
          lightli_too_deep, kennysheep_another_room, rand_demon_pan_entry_5,
          chequers_jeans, kennysheep_decorative_pillar, minmay_fire_ice_demons
Depths:2: nzn_winding_woodlands_cross [nzn_winding_woodlands_5x15_sidewinder,
          nzn_winding_woodlands_5x15_lazy_stream,
          nzn_winding_woodlands_5x15_pockets, nzn_winding_woodlands_5x15_twine,
          nzn_winding_woodlands_15x15_killbox], layout_honeycomb,
          gammafunk_ghost_grave, hangedman_geh_valley, hangedman_decor_opposing
Depths:3: lemuel_flame_loot_2, layout_gridlike, gammafunk_ghost_split,
          hell_entry, rand_demon_pan_entry_7, kennysheep_diamond,
          nzn_life_drinkers, infiniplex_staircase_zigzag_2
Depths:4: minmay_heptahexagon, layout_basic, enter_ziggurat_c, hell_entry,
          minmay_misc_feat_doors, pan_entry, abyss_entry_crystal,
          uniq_enchantress
Depths:5: grunt_zot_entry_pinwheel, layout_gridlike, hangedman_decor_riveting,
          hell_entry
Hell
Dis:1:    layout_regular_city
Dis:2:    layout_subdivisions
Dis:3:    layout_subdivisions, hangedman_dis_chains, hangedman_player_shredder
Dis:4:    kennysheep_iron_temple, layout_regular_city
Dis:5:    layout_subdivisions
Dis:6:    layout_jigsaw
Dis:7:    dis_hangedman
Geh:1:    layout_gehenna_lava_caves, hangedman_elemental_grid_stream
Geh:2:    layout_gehenna_lava_caves
Geh:3:    layout_gehenna_pools_basic, gehenna_fire_generator
Geh:4:    layout_gehenna_lava_caves
Geh:5:    layout_gehenna_pools_box, lemuel_flamethrower_3
Geh:6:    layout_gehenna_pools_triple, nicolae_geh_single_fiery_grave,
          hangedman_hellfire_club
Geh:7:    geh_grunt_pentagon
Coc:1:    layout_cocytus_water_paths
Coc:2:    layout_cocytus_water_paths
Coc:3:    layout_ice_bergs
Coc:4:    layout_cocytus_water_paths
Coc:5:    layout_cocytus_water_paths
Coc:6:    layout_ice_bergs
Coc:7:    coc_grunt_cove [coc_grunt_cove_antaeus, coc_grunt_cove_fiend,
          coc_grunt_cove_fiend, coc_grunt_cove_fiend, coc_grunt_cove_fiend]
Tar:1:    layout_grid_maze
Tar:2:    layout_honeycomb
Tar:3:    layout_catacombs
Tar:4:    layout_catacombs
Tar:5:    grunt_deathspiral_small, layout_cathedral_of_symmetry
Tar:6:    layout_cathedral_of_symmetry
Tar:7:    tar_mu [tar_mu_maze]
Zot:1:    kennysheep_oblong_rooms, layout_twisted_circle,
          st_small_dragon_hoard_4
Zot:2:    layout_concentric_octagons
Zot:3:    layout_cellular_growth, grunt_megastairs_2
Zot:4:    lemuel_halls_of_wrath, layout_twisted_circle
Zot:5:    layout_basic

Skill      XL: |  1  2  3  4  5  6  7  8  9 10 11 12 13 14 15 16 17 18 19 20 21 22 23 24 25 26 27 |
---------------+----------------------------------------------------------------------------------+-----
Transmutations | 2 3 4 5 6 7 8 9 10 11 12 13 14 17 | 17.2
Fighting       | 1 2 3 4 5 6 7 8 9 10 11 12 13 14 15 16 17 19 | 19.7
Short Blades   | 1 2 3 4 5 6 7 8 9 10 11 12 13 14 15 16 17 19 | 19.7
Long Blades    | 1 2 3 4 5 6 7 8 9 10 11 12 13 14 15 16 17 19 | 19.7
Axes           | 1 2 3 4 5 6 7 8 9 10 11 12 13 14 15 16 17 19 | 19.7
Maces & Flails | 1 2 3 4 5 6 7 8 9 10 11 12 13 14 15 16 17 19 | 19.7
Polearms       | 1 2 3 4 5 6 7 8 9 10 11 12 13 14 15 16 17 19 | 19.7
Staves         | 1 2 3 4 5 6 7 8 9 10 11 12 13 14 15 16 17 19 | 19.7
Slings         | 1 2 3 4 5 6 7 8 9 10 11 12 13 14 15 16 17 19 | 19.7
Bows           | 1 2 3 4 5 6 7 8 9 10 11 12 13 14 15 16 17 19 | 19.7
Crossbows      | 1 2 3 4 5 6 7 8 9 10 11 12 13 14 15 16 17 19 | 19.7
Throwing       | 1 2 3 4 5 6 7 8 9 10 11 12 13 14 15 16 17 19 | 19.7
Armour         | 1 2 3 4 5 6 7 8 9 10 11 12 13 14 15 16 17 19 | 19.7
Shields        | 1 2 3 4 5 6 7 8 9 10 11 12 13 14 15 16 17 19 | 19.7
Unarmed Combat | 1 2 3 4 5 6 7 8 9 10 11 12 13 14 15 16 17 19 | 19.7
Spellcasting   | 5 6 7 8 9 10 11 12 13 14 15 16 17 20 | 20.1
Invocations    | 1 2 3 4 5 6 7 8 9 10 11 12 13 14 15 16 17 18 21 | 21.2
Evocations     | 1 2 3 4 5 6 7 8 9 10 11 12 13 14 15 16 17 19 | 19.7
Conjurations   | 1 2 3 4 5 6 7 8 9 10 11 12 13 14 17 | 17.1
Hexes          | 1 2 3 4 5 6 7 8 9 10 11 12 13 14 17 | 17.1
Summonings     | 1 2 3 4 5 6 7 8 9 10 11 12 13 14 17 | 17.1
Necromancy     | 1 2 3 4 5 6 7 8 9 10 11 12 13 14 17 | 17.1
Translocations | 1 2 3 4 5 6 7 8 9 10 11 12 13 14 17 | 17.1
Fire Magic     | 1 2 3 4 5 6 7 8 9 10 11 12 13 14 17 | 17.1
Ice Magic      | 1 2 3 4 5 6 7 8 9 10 11 12 13 14 17 | 17.1
Air Magic      | 1 2 3 4 5 6 7 8 9 10 11 12 13 14 17 | 17.1
Earth Magic    | 1 2 3 4 5 6 7 8 9 10 11 12 13 14 17 | 17.1
Dodging        | 5 6 7 8 9 10 11 12 13 14 15 16 17 20 | 20.1
Stealth        | 5 6 7 8 9 10 11 12 13 14 15 16 17 20 | 20.0
Poison Magic   | 6 7 8 9 10 11 12 13 14 15 17 | 17.7

Action                   |  1- 3 |  4- 6 |  7- 9 | 10-12 | 13-15 | 16-18 | 19-21 | 22-24 | 25-27 || total
-------------------------+-------+-------+-------+-------+-------+-------+-------+-------+-------++-------
Melee: Unarmed           |     5 |     4 |       |       |       |     5 |    21 |   118 |       ||   153
       Dagger            |       |    20 |    13 |    25 |     2 |     8 |    16 |     9 |    20 ||   113
       Bite              |       |     6 |     6 |     8 |    62 |   105 |   114 |   126 |   361 ||   788
       Flail             |       |       |    76 |    48 |   212 |     1 |       |       |       ||   337
       Punch             |       |       |     5 |       |     1 |       |       |       |       ||     6
       Dire flail        |       |       |       |       |    13 |       |       |       |       ||    13
       War axe           |       |       |       |       |       |   362 |   396 |    96 |    96 ||   950
       Staff             |       |       |       |       |       |     5 |       |     1 |       ||     6
       Demon trident     |       |       |       |       |       |       |       |   395 |   220 ||   615
       Kick              |       |       |       |       |       |       |       |    34 |   967 ||  1001
       Broad axe         |       |       |       |       |       |       |       |    15 |  1049 ||  1064
       Sacred scourge    |       |       |       |       |       |       |       |       |   319 ||   319
Throw: Javelin           |       |     1 |     2 |     2 |       |     2 |       |    26 |    82 ||   115
       Dart              |       |       |       |     4 |       |       |       |       |     2 ||     6
       Throwing net      |       |       |       |       |       |       |       |       |     6 ||     6
 Cast: Sting             |    13 |    30 |    11 |     6 |       |       |       |       |       ||    60
       Poisonous Vapours |       |     6 |    38 |    12 |     3 |       |       |       |       ||    59
       Mephitic Cloud    |       |     3 |     3 |     2 |     7 |       |       |       |       ||    15
       Ignite Poison     |       |     2 |    14 |    40 |    69 |     3 |       |       |       ||   128
       Olgreb's Toxic Ra |       |       |    13 |    30 |    71 |     6 |       |       |       ||   120
       Apportation       |       |       |       |       |    63 |   104 |    48 |    55 |    99 ||   369
       Summon Ice Beast  |       |       |       |       |    46 |    44 |       |       |       ||    90
       Ozocubu's Refrige |       |       |       |       |     8 |   101 |    62 |    27 |    14 ||   212
       Passwall          |       |       |       |       |     3 |    20 |     3 |       |    44 ||    70
       Ozocubu's Armour  |       |       |       |       |     5 |     3 |       |       |       ||     8
       Statue Form       |       |       |       |       |       |    36 |    41 |    41 |   164 ||   282
       Passage of Golubr |       |       |       |       |       |    46 |   147 |   149 |   468 ||   810
       Borgnjor's Vile C |       |       |       |       |       |       |    29 |    91 |   126 ||   246
       Sublimation of Bl |       |       |       |       |       |       |    15 |    23 |   140 ||   178
       Irradiate         |       |       |       |       |       |       |     3 |     6 |    20 ||    29
       Spellforged Servi |       |       |       |       |       |       |     1 |    29 |    92 ||   122
       Blink             |       |       |       |       |       |       |       |     4 |     8 ||    12
       Silence           |       |       |       |       |       |       |       |     1 |       ||     1
       Summon Forest     |       |       |       |       |       |       |       |       |     5 ||     5
       Iron Shot         |       |       |       |       |       |       |       |       |     2 ||     2
       Invisibility      |       |       |       |       |       |       |       |       |     1 ||     1
Invok: Slouch            |       |       |       |       |     3 |     3 |     3 |     7 |    16 ||    32
       Bend Time         |       |       |       |       |       |     1 |       |       |       ||     1
       Step From Time    |       |       |       |       |       |     1 |       |     2 |    13 ||    16
 Abil: Evoke Blink       |       |       |       |     4 |       |       |       |       |       ||     4
       End Transformatio |       |       |       |       |       |     1 |     5 |    10 |    95 ||   111
       Evoke Invisibilit |       |       |       |       |       |       |       |     3 |     4 ||     7
Evoke: Wand              |       |       |     8 |    22 |    14 |    13 |     1 |     8 |    33 ||    99
       Phantom mirror    |       |       |       |     1 |     1 |     1 |     1 |     1 |     5 ||    10
       Condenser vane    |       |       |       |     1 |     2 |       |     1 |     4 |     3 ||    11
       Tin of tremorston |       |       |       |       |       |     2 |       |     4 |     2 ||     8
       Box of beasts     |       |       |       |       |       |       |       |       |     4 ||     4
  Use: Scroll            |       |       |     8 |     7 |    19 |    17 |    14 |    23 |    35 ||   123
       Potion            |       |       |       |     7 |     2 |     5 |     1 |    14 |    23 ||    52
 Stab: Confused          |       |     1 |       |       |       |       |       |       |       ||     1
       Sleeping          |       |       |     2 |     6 |     2 |    14 |    14 |    15 |    22 ||    75
       Distracted        |       |       |     1 |       |     4 |     9 |     1 |    12 |    50 ||    77
       Paralysed         |       |       |       |       |       |       |     1 |       |     3 ||     4
       Invisible         |       |       |       |       |       |       |       |     3 |    10 ||    13
       Held in net/web   |       |       |       |       |       |       |       |       |     8 ||     8
Armor: Robe              |     1 |     7 |    17 |    12 |       |       |       |       |       ||    37
       Leather armour    |       |       |       |     7 |    52 |       |       |       |       ||    59
       Troll leather arm |       |       |       |       |    51 |    74 |     1 |     8 |    16 ||   150
       Skin              |       |       |       |       |       |   190 |   263 |   289 |   704 ||  1446
Dodge: Dodged            |    11 |    35 |   109 |    95 |   360 |  1149 |   922 |  1108 |  3583 ||  7372
Block: Kite shield       |       |       |       |       |   346 |   887 |   772 |  1044 |  3762 ||  6811
